 Dungeon Crawl Stone Soup version 0.25.1-9-gc5326a611f (webtiles) character file.

Game seed: 12378388789651575163

58 pokeman the Magician (level 3, 0/20 HPs)
             Began as a Deep Elf Wizard on Dec 27, 2020.
             Slain by a gnoll
             ... wielding a +0 flail
              (11 damage)
             ... on level 2 of the Dungeon.
             The game lasted 00:03:13 (1910 turns).

pokeman the Magician (Deep Elf Wizard)              Turns: 1910, Time: 00:03:14

Health: 0/20       AC:  3    Str:  4    XL:     3   Next: 75%
Magic:  1/11       EV: 11    Int: 23    God:
Gold:   71         SH:  0    Dex: 13    Spells: 1/12 levels left

rFire    . . .     SeeInvis .   (no weapon)
rCold    . . .     Gourm    .   (no shield)
rNeg     . . .     Faith    .   i - +0 leather armour
rPois    .         Spirit   .   b - +0 hat
rElec    .         Reflect  .   (no cloak)
rCorr    .         Harm     .   (no gloves)
MR       .....                  (no boots)
Stlth    ++........             (no amulet)
HPRegen  0.06/turn              (no ring)
MPRegen  0.12/turn              (no ring)

@: no status effects
A: no striking features
a: no special abilities


You were on level 2 of the Dungeon.
You were not hungry.

You visited 1 branch of the dungeon, and saw 2 of its levels.

You collected 71 gold pieces.

Inventory:

Missiles
 e - 36 bolts
Armour
 b - a +0 hat (worn)
 i - a +0 leather armour (worn)
Scrolls
 f - 3 scrolls of teleportation {unknown}
 g - 4 scrolls of identify {unknown}
 h - a scroll of fog {unknown}
 j - a scroll of enchant armour {unknown}
Potions
 a - a potion of mutation {unknown}
 c - a potion of haste {unknown}
 k - 2 potions of ambrosia {unknown}
Comestibles
 d - 2 rations
 l - a chunk of flesh


   Skills:
 - Level 1.0 Fighting
 - Level 1.0 Armour
 + Level 2.5 Dodging
 - Level 2.4 Stealth
 * Level 5.3 Spellcasting
 + Level 2.0 Conjurations
 - Level 1.1 Summonings
 - Level 1.1 Translocations
 + Level 0.2 Fire Magic


You had one spell level left.
You knew the following spells:

 Your Spells              Type           Power        Failure   Level  Hunger
a - Magic Dart            Conj           ###.         7%          1    None
b - Mephitic Cloud        Conj/Pois/Air  #.......     34%         3    ##.....
c - Call Imp              Summ           ##......     16%         2    None
d - Blink                 Tloc           N/A          16%         2    None
e - Conjure Flame         Conj/Fire      ##......     30%         3    ##.....

Your spell library contained the following spells:

 Spells                   Type           Power        Failure   Level  Hunger
 Slow                     Hex            #.......     24%         2    None


Dungeon Overview and Level Annotations

Branches:
Dungeon (2/15)

Altars:


Message History

The magic dart hits the gnoll.
You kill the gnoll!
Your Conjurations skill increases to level 2!
Casting: Magic Dart (safe; 7% risk of failure)
Confirm with . or Enter, or press ? or * to list all spells.
Aiming: Magic Dart (safe; 7% risk of failure)
Press: ? - help, Shift-Dir - straight line, f - gnoll
Aim: a gnoll, wielding a +0 flail The magic dart hits the gnoll but does no damage.
The gnoll completely misses you.
The goblin shoots a stone.
The stone hits you.
You see here a stone.
The goblin shoots a stone.
The stone hits you but does no damage.
You see here a stone.
Casting: Magic Dart (safe; 7% risk of failure)
Confirm with . or Enter, or press ? or * to list all spells.
A beastly little devil appears in a puff of flame.
The gnoll hits you with a +0 flail!
Ouch! That really hurt!
You die...

...........#...#.##.##.#
.................##.##.#
.###...........#.##.##.###
.# #...........#.##......#
.###...........#.#####.###
.........................#
...............#5#####.###
.###...........#.# ###
...............#@#
.###...........#g#
.###(..........#.#
.................#
.#########.###.### .#
#..........# ##
#.####.###(# ##.####.###(#
.........#.g#


You could see a gnoll and a friendly crimson imp (summoned).

Vanquished Creatures
  2 gnolls (D:2)
  An adder (D:2)
  A dart slug (D:1)
  An orc (D:2)
  4 bats (D:1)
  3 giant cockroaches (D:2)
  3 hobgoblins (D:1)
  A frilled lizard (D:2)
  2 goblins
  4 kobolds (D:1)
  8 rats
30 creatures vanquished.

Notes
Turn   | Place    | Note
-------+----------+-------------------------------------------
     0 | D:1      | pokeman the Deep Elf Wizard began the quest for the Orb.
     0 | D:1      | Reached XP level 1. HP: 10/10 MP: 7/7
   424 | D:1      | Reached XP level 2. HP: 16/16 MP: 7/9
  1220 | D:2      | Reached skill level 5 in Spellcasting
  1267 | D:2      | Reached XP level 3. HP: 20/20 MP: 9/11
  1272 | D:2      | Learned a level 3 spell: Mephitic Cloud
  1275 | D:2      | Learned a level 2 spell: Call Imp
  1278 | D:2      | Learned a level 2 spell: Blink
  1282 | D:2      | Learned a level 3 spell: Conjure Flame
  1863 | D:2      | Reached skill level 1 in Fighting
  1863 | D:2      | Reached skill level 1 in Armour
  1910 | D:2      | Slain by a gnoll

Illustrated notes

Levels and vault maps discovered:
D:1:      minmay_arrival_floating_metal, layout_loops_corners
D:2:      layout_basic, hex_intersection, uniq_terence

Skill      XL: |  1  2  3 |
---------------+----------+-----
Spellcasting   | 5 |  5.3
Fighting       | 1 |  1.0
Armour         | 1 |  1.0
Conjurations   | 2 |  2.0
Dodging        | |  2.5
Stealth        | |  2.4
Summonings     | |  1.1
Translocations | |  1.1
Fire Magic     | |  0.2

Action                   || total
-------------------------++-------
 Cast: Magic Dart        ||    83
       Blink             ||     6
       Call Imp          ||     1
  Eat: Chunk             ||     3
Armor: Robe              ||     1
       Leather armour    ||     8
Dodge: Dodged            ||    19
